 Seeded DCSS version 0.29-a0-362-g5854e031c7 (webtiles) character file.

Game seed: 9708579739092153053 (custom seed)

23 zeratav the Shooter (level 3, 21/21 HPs)
             Began as a Tengu Hunter on Apr 29, 2022.
             Quit the game on level 1 of the Dungeon.
             The game lasted 00:01:25 (614 turns).

zeratav the Shooter (Tengu Hunter)                   Turns: 614, Time: 00:01:26

Health: 21/21      AC:  3    Str: 11    XL:     3   Next: 0%
Magic:  4/4        EV: 12    Int:  9    God:
Gold:   39         SH:  0    Dex: 19    Spells: 2/2 levels left

rFire   . . .      SeeInvis .   a - +1 shortbow {bow}
rCold   . . .      Faith    .   (shield currently unavailable)
rNeg    . . .      Spirit   .   b - +0 leather armour
rPois   .          Reflect  .   (helmet restricted)
rElec   .          Harm     .   (no cloak)
rCorr   .          Rampage  .   (no gloves)
Will    .....                   (boots unavailable)
Stlth   ++........              (no amulet)
HPRegen 0.07/turn               (no ring)
MPRegen 0.09/turn               (no ring)

@: no status effects
A: beak, talons 3
a: no special abilities


You were on level 1 of the Dungeon.
You visited 1 branch of the dungeon, and saw 1 of its levels.

You collected 39 gold pieces.


Innate Abilities, Weirdness & Mutations

You have a beak for a mouth.
You have claws for feet.


   Skills:
 - Level 2.0 Fighting
 + Level 5.3 Bows
 - Level 2.1 Dodging
 - Level 1.0 Stealth


You had 2 spell levels left.
You didn't know any spells.
Your spell library was empty.

Inventory:

Hand Weapons
 a - a +1 shortbow (weapon) {bow}
 m - a +2 longbow of flaming {bow}
   (You acquired it on level 1 of the Dungeon)
Armour
 b - a +0 leather armour (worn)
 g - a +0 robe
   (You found it on level 1 of the Dungeon)
 h - a +0 robe
   (You found it on level 1 of the Dungeon)
 j - a +0 leather armour
   (You found it on level 1 of the Dungeon)
Jewellery
 k - the ring of Nihilism {rF+++ rN+ Will+ MP-9 Dex+2}
   (You acquired it on level 1 of the Dungeon)

   [ring of willpower]

   Dex:       It affects your dexterity (+2).
   rF:        It renders you almost immune to fire.
   rN:        It protects you from negative energy.
   MP:        It affects your magic capacity (-9).
   Will:      It increases your willpower.
 l - the ring "Rutaigab" {Fire Contam *Corrode Str+6 Stlth+}
   (You acquired it on level 1 of the Dungeon)

   [ring of fire]

   It enhances your fire magic.
   Str:       It affects your strength (+6).
   rF:        It protects you from fire.
   rC:        It makes you vulnerable to cold.
   Contam:    It causes magical contamination when unequipped.
   *Corrode:  It may corrode you when you take damage.
   Stlth:     It makes you more stealthy.
Scrolls
 c - a scroll of immolation {!r!r}
 d - 2 scrolls of magic mapping {unknown}
 e - a scroll of blinking {unknown}
 f - a scroll of silence {unknown}
 i - a scroll of vulnerability {unknown}

Dungeon Overview and Level Annotations

Branches:
Dungeon (1/15)

Altars:

#.........####
#.............
#############.####
#.....(.........†.
#.###########.####
#.# #.# #.#
######.# #.#
#......# #@#
#......#### #.#
#......'... #.#
#......#### #.#
#####..# #.# #..#
## #.# ####..# #.
##.#######.....###.
#........'...>...'.
##########...#####.


There were no monsters in sight!


Message History

No target in view!
There is an open door here.
A bat comes into view.
A bat is nearby!
You shoot an arrow. The arrow hits the bat!
You kill the bat!
No target in view!
No target in view!
A goblin comes into view. It is wielding a +0 dagger.
The goblin shouts!
You hear a shout!
The goblin moves out of view.
No target in view!
A goblin is nearby!
A goblin is nearby!
You shoot an arrow. The arrow closely misses the goblin.
A kobold comes into view. It is wielding a +0 short sword.
You shoot an arrow. The arrow misses the goblin.
The goblin hits you but does no damage.
You shoot an arrow. The arrow closely misses the goblin.
The goblin hits you but does no damage. The goblin hits you with a +0 dagger.
HP[-1]
You take 1 damage, and now have 16/17 hp.
You shoot an arrow. The arrow barely misses the goblin.
A giant cockroach comes into view.
The goblin hits you but does no damage.
You shoot an arrow. The arrow hits the goblin!
You kill the goblin!
You shoot an arrow. The arrow barely misses the kobold.
The kobold closely misses you.
You shoot an arrow.
The arrow hits the kobold but does no damage.
The kobold barely misses you.
You shoot an arrow. The arrow hits the kobold.
You kill the kobold!
The giant cockroach misses you.
You shoot an arrow. The arrow hits the giant cockroach.
The giant cockroach bites you.
HP[-1]
You take 1 damage, and now have 15/17 hp.
You shoot an arrow. The arrow hits the giant cockroach.
You kill the giant cockroach!
HP[+1] No target in view!
No target in view!
Items here: )) †††.
HP[+1]
Your hp is fully restored (17).
You now have 39 gold pieces (gained 6).
You see here a +0 club {mace}.
You open the door.
There is an open door here.
There is an open door here.
There is an open door here.
A hobgoblin comes into view.
A hobgoblin is nearby!
A hobgoblin is nearby!
You shoot an arrow.
The arrow hits the hobgoblin but does no damage.
You shoot an arrow. The arrow hits the hobgoblin!
You kill the hobgoblin!
No target in view!
No target in view!
Found a stone staircase leading down.
A hobgoblin comes into view.
A hobgoblin is nearby!
You shoot an arrow. The arrow hits the hobgoblin!
You kill the hobgoblin!
You have reached level 3!
Your experience leads to an increase in your attributes!
Increase (S)trength, (I)ntelligence, or (D)exterity?
You feel agile. x2
HP[+4] MP[+1]
You now have 21 max hp (+4).
Your hp is fully restored (21).
Your mp is fully restored (4).
You see here a hobgoblin corpse.
j - a +0 leather armour
k - 3 scrolls labelled LUSSIE MEAFOFE
Found a stone staircase leading down.
There is a stone staircase leading down here.
You open the door.
There is an open door here.
There is an open door here.
There is an open door here.
You see here a +0 dagger {short}.
There is an open door here.
There is an open door here.
There is a stone staircase leading down here.
There is an open door here.
Done exploring.
Done exploring.
This is a scroll of acquirement!
Something appears before you!
l - the ring "Rutaigab" {Fire Contam *Corrode Str+6 Stlth+} Something appears before you!
m - a +2 longbow of flaming {bow} Something appears before you!
k - the ring of Nihilism {rF+++ rN+ Will+ MP-9 Dex+2}
Okay, then.
Unknown command.
Are you sure you want to abandon this character and quit the game? (Confirm with "yes".)

Skill      XL: |  1  2 |
---------------+-------+-----
Bows           | 5 |  5.3
Fighting       | |  2.0
Dodging        | |  2.1
Stealth        | |  1.0

Action                   || total
-------------------------++-------
 Fire: Shortbow          ||    47
  Use: Scroll            ||     3
Armor: Leather armour    ||     9
Dodge: Dodged            ||     9

Levels and vault maps discovered:
D:1:      mrwooster_arrival_arrow, layout_basic

Notes
Turn   | Place    | Note
-------+----------+-------------------------------------------
     0 | D:1      | zeratav the Tengu Hunter began the quest for the Orb.
     0 | D:1      | Reached XP level 1. HP: 12/12 MP: 2/2
     0 | D:1      | magus.rc [v1.9.6]
    89 | D:1      | Reached XP level 2. HP: 15/17 MP: 3/3
   147 | D:1      | Reached skill level 5 in Bows
   426 | D:1      | Reached XP level 3. HP: 21/21 MP: 4/4
   608 | D:1      | Identified 3 scrolls of acquirement
   608 | D:1      | Acquired the ring "Rutaigab" {Fire Contam *Corrode Str+6
                  | Stlth+}
   610 | D:1      | Acquired a +2 longbow of flaming
   612 | D:1      | Acquired the ring of Nihilism {rF+++ rN+ Will+ MP-9 Dex+2}
   614 | D:1      | Quit the game

Vanquished Creatures
  2 dart slugs (D:1)
  A ball python (D:1)
  An endoplasm (D:1)
  A giant cockroach (D:1)
  2 goblins (D:1)
  3 hobgoblins (D:1)
  2 quokkas (D:1)
  2 bats (D:1)
  2 kobolds (D:1)
  2 rats (D:1)
18 creatures vanquished.

Table legend:
 A = Non-vault XP
 B = Vault XP
 C = Vault XP percentage of total XP
 D = Non-vault monster count
 E = Vault monster count
 F = Vault count percentage of total count
                 A         B        C        D         E       F
            +---------+---------+-------+---------+---------+-------
      Total |      34 |       0 |   0.0 |      18 |       0 |   0.0
            +---------+---------+-------+---------+---------+-------
        D:1 |      34 |       0 |   0.0 |      18 |       0 |   0.0
            +---------+---------+-------+---------+---------+-------

Illustrated notes

Table legend:
 A = Kills in this place as a percentage of kills in entire the game.
 B = Kills by you in this place as a percentage of kills by you in the entire game.
 C = Kills by friends in this place as a percentage of kills by friends in the entire game.
 D = Other kills in this place as a percentage of other kills in the entire game.
 E = Experience gained in this place as a percentage of experience gained in the entire game.
 F = Experience gained in this place divided by the number of levels of this place that you have seen.
                   A       B       C       D       E      F
               +-------+-------+-------+-------+-------+----------------------
         Total | 100.0 | 100.0 |   N/A |   N/A | 100.0 |  34.0
       Dungeon | 100.0 | 100.0 |   N/A |   N/A | 100.0 |  34.0
               +-------+-------+-------+-------+-------+----------------------

Table legend: (Time is in decaauts)
 A = Elapsed time spent in this place.
 B = Non-inter-level travel time spent in this place.
 C = Inter-level travel time spent in this place.
 D = Time resting spent in this place.
 E = Time spent auto-exploring this place.
 F = Levels seen in this place.
 G = Mean time per level.
                   A        B        C        D        E       F      G
               +--------+--------+--------+--------+--------+-----+--------+
         Total |    628 |    628 |      0 |      0 |    534 |   1 |  628.0 |
       Dungeon |    628 |    628 |      0 |      0 |    534 |   1 |  628.0 |
               +--------+--------+--------+--------+--------+-----+--------+

Top non-repeatable levels by time:
     D:1: 628 daAuts
